 Dungeon Crawl Stone Soup version 0.18.1-48-g4cf74bf (webtiles) character file.

2846 nikopol the Spear-Bearer (level 9, -8/123 HPs)
             Began as a Minotaur Berserker on July 3, 2016.
             Was a High Priest of Trog.
             Killed by mirror damage (15 damage)
             ... on level 6 of the Dungeon.
             The game lasted 00:15:12 (6312 turns).

nikopol the Spear-Bearer (Minotaur Berserker)       Turns: 6312, Time: 00:15:13

Health: -8/123     AC: 10    Str: 27    XL:     9   Next: 46%
Magic:  8/8        EV: 15    Int:  4    God:    Trog [*****.]
Gold:   413        SH:  0    Dex: 13    Spells: 0 memorised, 8 levels left

rFire  . . .     SeeInvis .     x - +0 trident
rCold  . . .     Gourm    .     d - +1 ring mail
rNeg   . . .     Faith    +     (no shield)
rPois  .         Spirit   .     (helmet restricted)
rElec  .         Dismiss  .     H - +1 cloak
rCorr  .         Reflect  .     (no gloves)
SustAt .         Harm     .     (no boots)
MR     .....                    a - amulet of faith
Stlth  ..........               (no ring)
                                e - ring of stealth

@: berserking (expiring), very quick, not resistant to hostile enchantments,
extremely unstealthy
A: retaliatory headbutt, horns 2
a: Berserk, Trog's Hand, Brothers in Arms, Burn Spellbooks, Renounce Religion


You were on level 6 of the Dungeon.
You worshipped Trog.
Trog was extremely pleased with you.
You were hungry.

You visited 1 branch of the dungeon, and saw 7 of its levels.
You also visited: Sewer and Ossuary.

You collected 413 gold pieces.

Inventory:

Hand Weapons
 c - a +0 shortbow
 x - a +0 trident (weapon)
 J - a +0 spear
Missiles
 n - 113 arrows (quivered)
Armour
 b - a +0 animal skin
 d - a +1 ring mail (worn)
 H - a +1 cloak (worn)
Jewellery
 a - an amulet of faith (around neck)
 e - a ring of stealth (left hand)
Wands
 E - a wand of lightning (5/15)
Scrolls
 h - a scroll of enchant armour
 i - 2 scrolls of random uselessness
 m - 2 scrolls of holy word {unknown}
 o - 2 scrolls of amnesia {unknown}
 p - 5 scrolls of blinking {unknown}
 q - 7 scrolls of remove curse {unknown}
 s - 6 scrolls of identify {unknown}
 w - a scroll of teleportation {unknown}
 y - 2 scrolls of enchant weapon {unknown}
 D - a scroll of magic mapping
 K - a scroll of fear {unknown}
Potions
 f - a potion of degeneration {unknown}
 j - a potion of lignification {unknown}
 k - 7 potions of flight {unknown}
 l - 2 potions of mutation {unknown}
 r - a potion of cancellation {unknown}
 t - 4 potions of curing {unknown}
 v - a potion of haste {unknown}
 B - 2 potions of heal wounds {unknown}
 C - 3 potions of ambrosia {unknown}
 G - a potion of might {unknown}
Comestibles
 g - a fruit
 u - 2 meat rations
 z - a slice of pizza
 A - 3 royal jellies
 F - 6 bread rations
 I - 5 chunks of flesh


   Skills:
 + Level 8.3 Fighting
 * Level 8.6 Polearms
 * Level 2.6 Bows
 + Level 8.2 Armour
 + Level 7.2 Dodging


You had 8 spell levels left.
You didn't know any spells.

Dungeon Overview and Level Annotations

Branches:
Dungeon (7/15)             Temple (0/1) D:5

Altars:
Ashenzari
Cheibriados
Fedhas
Gozag
Kikubaaqudgha
Pakellas
Qazlal
Ru
Trog
The Shining One


Innate Abilities, Weirdness & Mutations

You reflexively headbutt those who attack you in melee.
You have a pair of horns on your head.


Message History

Your damage is reflected back at you!
The centaur warrior shoots an arrow.
The arrow hits you.
You puncture the death knight!
The death knight is lightly wounded.
Your damage is reflected back at you!
The centaur warrior shoots an arrow.
The arrow hits you!
The orc warrior hits you from afar with a glaive!
You closely miss the death knight. Your headbutt misses the death knight.
The death knight is lightly wounded.
The death knight hits you with an enchanted battleaxe!!
* * * LOW HITPOINT WARNING * * *
The centaur warrior shoots an arrow.
The arrow hits you!
* * * LOW HITPOINT WARNING * * *
You are too injured to fight recklessly!
You are too injured to fight recklessly!
You are too injured to fight recklessly!
You impale the death knight!! You headbutt the death knight.
The death knight is heavily wounded.
Your damage is reflected back at you!
You die...

≈≈≈≈# #..##....# ##
....####..##....#.......
#
......_#..##....#.......
....####..##....#.......
≈≈≈≈# #..##....#..(....
########..##.)..#.......
........####....#T(.....
........# #....#pc.....
........# #....@.o.....
........# #############
........# ........#
...."...# #########


You could see a death knight, a centaur warrior, a troll and an orc warrior.

Vanquished Creatures
  Pikel (D:6)
  Eustachio (D:4)
  A hungry ghost (D:6)
  A water moccasin (D:6)
  A black bear (D:5)
  An ice beast (D:6)
  2 ogres
  2 centaurs
  The ghost of daning the Charmwright, an amateur HESk (Sewer)
  The ghost of daning the Charmwright, an amateur HESk (Ossuary)
  2 big kobolds
  2 scorpions (D:4)
  A howler monkey (D:4)
  4 crimson imps
  6 hounds
  2 orc wizards
  An orc priest (D:3)
  A giant frog skeleton (D:4)
  Natasha (twice) (D:4)
  4 iguanas
  5 worker ants
  A killer bee zombie (D:6)
  4 big kobold zombies (Ossuary)
  A hound zombie (D:6)
  4 mummies (Ossuary)
  2 gnolls
  6 adders
  3 river rats (Sewer)
  3 adder zombies
  An ooze (D:5)
  2 adder skeletons
  4 worms
  A dart slug (D:3)
  6 giant geckos
  21 orcs
  A ball python (D:4)
  9 bats
  5 giant cockroaches
  6 goblins
  3 hobgoblins
  4 jackals
  5 quokkas
  A giant gecko skeleton (D:4)
  2 giant newts
  14 kobolds
  2 quokka skeletons
  9 rats
  A rat zombie (D:6)
163 creatures vanquished.

Vanquished Creatures (others)
  2 orcs (D:6)
2 creatures vanquished.

Grand Total: 165 creatures vanquished

Notes
Turn   | Place    | Note
--------------------------------------------------------------
     0 | D:1      | nikopol the Minotaur Berserker began the quest for the Orb.
     0 | D:1      | Reached XP level 1. HP: 19/19 MP: 0/0
   398 | D:1      | Reached XP level 2. HP: 27/27 MP: 1/1
   773 | D:2      | Reached XP level 3. HP: 33/33 MP: 2/2
   800 | D:2      | Found an oddly glowing altar of Pakellas.
   846 | D:2      | Reached ** piety under Trog
  1340 | D:2      | Found a glowing golden altar of the Shining One.
  1524 | D:3      | Reached XP level 4. HP: 38/40 MP: 3/3
  2151 | D:4      | Reached XP level 5. HP: 44/47 MP: 4/4
  2153 | D:4      | Noticed Eustachio
  2176 | D:4      | Killed Eustachio
  2176 | D:4      | Reached skill level 5 in Fighting
  2176 | D:4      | Reached skill level 5 in Polearms
  2176 | D:4      | Reached XP level 6. HP: 42/56 MP: 5/5
  2216 | D:4      | Found a sand-covered staircase.
  2221 | Ossuary  | Entered an ossuary
  2386 | Ossuary  | Noticed daning's ghost (amateur HESk)
  2397 | Ossuary  | Killed daning's ghost
  2456 | Ossuary  | Reached skill level 5 in Armour
  2608 | D:4      | Found a bloodstained altar of Trog.
  2667 | D:4      | Reached XP level 7. HP: 47/61 MP: 6/6
  2825 | D:4      | Noticed Natasha
  2832 | D:4      | Killed Natasha
  3187 | D:4      | Noticed Natasha
  3196 | D:4      | Killed Natasha
  3196 | D:4      | Reached *** piety under Trog
  3251 | D:4      | Reached skill level 5 in Dodging
  3305 | D:4      | Found an opulent altar of Gozag.
  3527 | D:5      | Entered Level 5 of the Dungeon
  3530 | D:5      | Found a staircase to the Ecumenical Temple.
  3617 | D:5      | Found a shattered altar of Ashenzari.
  3621 | D:5      | Found a blossoming altar of Fedhas.
  3626 | D:5      | Found a snail-covered altar of Cheibriados.
  3829 | D:5      | Reached XP level 8. HP: 67/71 MP: 7/7
  3979 | D:5      | Found a glowing drain.
  4001 | Sewer    | Entered a sewer
  4001 | Sewer    | Noticed daning's ghost (amateur HESk)
  4021 | Sewer    | Killed daning's ghost
  4077 | Sewer    | Reached **** piety under Trog
  4128 | Sewer    | Found a white marble altar of Elyvilon.
  4359 | D:5      | Found a sacrificial altar of Ru.
  4708 | D:6      | Found a stormy altar of Qazlal.
  4982 | D:6      | Noticed Pikel
  4998 | D:6      | Killed Pikel
  4998 | D:6      | Reached XP level 9. HP: 78/81 MP: 8/8
  5145 | D:6      | Found an ancient bone altar of Kikubaaqudgha.
  5413 | D:6      | Reached skill level 1 in Bows
  5648 | D:7      | Reached ***** piety under Trog
  6247 | D:6      | Received a gift from Trog
  6296 | D:6      | Noticed a death knight
  6299 | D:6      | Noticed a centaur warrior
  6301 | D:6      | Noticed a troll
  6312 | D:6      | Killed by mirror damage

Skill      XL: |  1  2  3  4  5  6  7  8  9 |
---------------+----------------------------+-----
Armour         | 3 4 5 6 7 8 |  8.2
Fighting       | 4 5 6 7 8 |  8.3
Polearms       | 4 5 6 8 |  8.6
Dodging        | 3 4 5 6 7 |  7.2
Bows           | 2 |  2.6

Action                   |  1- 3 |  4- 6 |  7- 9 || total
-------------------------+-------+-------+-------++-------
Melee: Spear             |    83 |   137 |   372 ||   592
       Headbutt          |    12 |    27 |    67 ||   106
       Trident           |       |       |    28 ||    28
 Fire: Shortbow          |       |       |    39 ||    39
Invok: Berserk           |       |     3 |     1 ||     4
  Use: Scroll            |       |     3 |       ||     3
 Stab: Sleeping          |     5 |     3 |     2 ||    10
       Distracted        |     1 |     1 |       ||     2
  Eat: Chunk             |     2 |     7 |    12 ||    21
Armor: Ring mail         |     9 |    18 |    80 ||   107
Dodge: Dodged            |    30 |    57 |   196 ||   283
